cohdb
Replays
Latest Replays
All Replays
Popular Replays
Top Player Replays
Match Explorer
How It Works
Community
CoH3 Stats
Reddit
Sign in to upload your games and track your stats! →
Sign in with Steam
Match 43491038
Unlisted
Match 43491038
Overview
Messages
Build Orders
End
Construct Section Command Post
Infantry Section
Infantry Section
Infantry Section
Infantry Section
Grenade Package
Construct Field Infirmary
Infantry Section
Selects Indian Artillery Battlegroup
Selects Indian Artillery Battlegroup
Selects Valour
Construct Platoon Command Post
Humber Armored Car
Infantry Section
Selects Gurkha Rifles Section
Gurkha Rifles Section
6-pounder Anti-tank Gun Team
KрепкийOрешек
WhyMeowMeow
Dominik
beniu
0
0
Comments
sign in to comment!
No comments posted yet!